 Dungeon Sprint DCSS version 0.30-b1-6-gad0e9d6a2d (webtiles) character file.

Game seed: 13514095087420207172

9772 Groucho the Ninja (level 11, -6/63 HPs)
             Began as a Felid Berserker on May 5, 2023.
             Was an Elder of Trog.
             Mangled by an Orb Guardian (41 damage)
             ... in the Dungeon (Sprint I: "Red Sonja").
             The game lasted 00:19:41 (5949 turns).

Groucho the Ninja (Felid Berserker)                 Turns: 5949, Time: 00:19:41

Health: -6/63      AC:  3    Str: 12    XL:     11   Next: 27%
Magic:  12/12      EV: 46    Int: 13    God:    Trog [****..]
Gold:   615        SH:  5    Dex: 19    Spells: 10/10 levels left
                                        Lives:  0   Deaths: 2

rFire   + .          .
                       - Unarmed
rCold   + . .        (shield unavailable)
rNeg    . . .        (body armour unavailable)
rPois   .            (helmet unavailable)
rElec   .            (cloak unavailable)
rCorr   .            (gloves unavailable)
SInv    +            (boots unavailable)
Will    +++..        j - amulet of reflection
Stlth   ++++         i - ring of protection from fire
HPRegen 1.30/turn    s - ring of the Hare {EV+10}
MPRegen 0.13/turn

%: no teleportation, reflection
@: strong-willed, regenerating, quick
A: very small, claws 1, fangs 3, see invisible, speed 1, shaggy fur 3, stealthy
paws, no weapons or thrown items, no armour, multi-lived, clever 1
0: Orb of Zot
a: Renounce Religion, Berserk, Trog's Hand, Brothers in Arms


You were in the Dungeon.
You worshipped Trog.
Trog was greatly pleased with you.
You visited 1 branch You collected 3092 gold pieces.
You spent 2477 gold pieces at shops.

Inventory:

Hand Weapons
 b - the +8 mithril axe "Arga" {speed, Will+}
   (You found it in the Dungeon)

   Will:      It increases your willpower.
Jewellery
 i - a ring of protection from fire (left paw)
 j - an amulet of reflection (around neck)
 k - a ring of resist corrosion
 r - an amulet of regeneration
 s - the ring of the Hare (right paw) {EV+10}
   (You bought it in a shop in the Dungeon)

   [ring of evasion]

   EV:        It affects your evasion (+10).
Wands
 g - a wand of mindburst (5)
 n - a wand of digging (2)
 o - a wand of flame (7)
 p - a wand of paralysis (5)
Scrolls
 q - 2 scrolls of identify
Potions
 a - 3 potions of curing
 d - 3 potions of magic
 e - a potion of berserk rage
 h - a potion of brilliance
 l - a potion of attraction


   Skills:
 + Level 16.4 Fighting
 * Level 21.7 Dodging
 O Level 27 Stealth
 + Level 16.4 Unarmed Combat


You had 10 spell levels left.
You didn't know any spells.
Your spell library was empty.

Dungeon Overview and Level Annotations

Branches:
Dungeon (1/1)

Altars:
Cheibriados
Dithmenos
Elyvilon
Fedhas
Gozag
Hepliaklqana
Kikubaaqudgha
Makhleb
Nemelex Xobeh
Okawaru
Qazlal
Ru
Sif Muna
Trog
Uskayaw
Vehumet
Wu Jian
Xom
Yredelemnul
Zin
The Shining One
Jiyva
Lugonu

Shops:
D :**(:[?[=:*[:*:(([=[*[

Annotations:
D exclusion: oklob plant, Lernaean hydra, Tiamat


Innate Abilities, Weirdness & Mutations

You have sharp claws.
You have razor-sharp teeth.
You have supernaturally acute eyesight. (SInv)
You cover ground quickly. (Speed+)
Your thick and shaggy fur keeps you warm. (AC +3, rC+)
Your paws help you pounce on unaware monsters.
You are incapable of wielding weapons or throwing items.
You cannot wear armour.
You gain extra lives every three experience levels.
Your mind is acute. (Int +4, Str/Dex -1)


Message History

A chaos spawn comes into view.
A chaos spawn is nearby!
A chaos spawn is nearby!
You closely miss the chaos spawn.
You scratch the chaos spawn but do no damage.
Your claw misses the chaos spawn. You mangle the chaos spawn!!
The chaos spawn is severely wounded.
The chaos spawn barely misses you.
You closely miss the chaos spawn. You claw the chaos spawn.
The chaos spawn is severely wounded.
You block the chaos spawn's attack.
You mangle the chaos spawn!!
You kill the chaos spawn!
Trog accepts your kill.
The chaos spawn degenerates into a cloud of primal chaos!
No target in view!
No target in view!
You start waiting.
You start waiting.
An Orb Guardian comes into view.
An Orb Guardian is nearby!
Your skin crawls.
You feel strong-willed.
You scratch the Orb Guardian but do no damage.
Your claw misses the Orb Guardian. You bite the Orb Guardian.
The Orb Guardian is lightly wounded.
The Orb Guardian completely misses you.
You scratch the Orb Guardian.
The Orb Guardian is lightly wounded.
The Orb Guardian completely misses you.
You claw the Orb Guardian!
The Orb Guardian is moderately wounded.
The Orb Guardian hits you!!
You scratch the Orb Guardian but do no damage.
You claw the Orb Guardian!! You bite the Orb Guardian.
The Orb Guardian is heavily wounded.
The Orb Guardian hits you!!!
Ouch! That really hurt!
You die...

##################
#@X#..'..#.)+..#__
#.)'..#.)+..#..+..
#..#####'#####'#__
#..####..#...#.###
#).#__####..##.#~~
#..#_____##'#_.'§§
#⌠⌠#_.∩...'..._#§~
####_..__##_.#'##§
#_____###'#:#..


You could see an Orb Guardian.

Vanquished Creatures
  A golden dragon (D)
  An Orb Guardian (D)
  A shadow dragon (D)
  2 lorocyprocas (D)
  A hydra (D)
  2 centaur warriors (D)
  Sonja (D)
  A deep troll (D)
  A lindwurm (D)
  An oklob plant (D)
  A merfolk siren (D)
  A smoke demon (D)
  A gargoyle (D)
  7 unseen horrors (D)
  A red devil (D)
  4 hornets (D)
  A hellwing (D)
  A slime creature (D)
  Sigmund (D)
  A yak (D)
  13 hogs (D)
  2 redbacks (D)
  A chaos spawn (D)
  4 floating eyes (D)
  An ogre (D)
  7 necrophages (D)
  8 jellies (D)
  Ijyb (D)
  A ballistomycete spore (D)
69 creatures vanquished.

Vanquished Creatures (collateral kills)
  A daeva (D)
  4 fire giants (D)
  A deep elf annihilator (D)
  8 shining eyes (D)
  4 demonic crawlers (D)
  2 kobold demonologists (D)
  3 floating eyes (D)
23 creatures vanquished.

Vanquished Creatures (others)
  A merfolk siren (D)
  A hornet (D)
  A ballistomycete spore (D)
3 creatures vanquished.

Grand Total: 95 creatures vanquished

Notes
Turn   | Place    | Note
-------+----------+-------------------------------------------
     0 | D        | Groucho the Felid Berserker began the quest for the Orb.
     0 | D        | Reached XP level 1. HP: 10/10 MP: 2/2
     1 | D        | Noticed Ijyb
     5 | D        | Killed Ijyb
     6 | D        | Reached skill level 8 in Stealth
     6 | D        | Reached XP level 2. HP: 8/14 MP: 3/3
   144 | D        | Noticed an ogre
   146 | D        | Killed an ogre
   147 | D        | Reached skill level 12 in Stealth
   147 | D        | Reached XP level 3. HP: 17/17 MP: 4/4
   147 | D        | Reached XP level 4. HP: 21/21 MP: 5/5
   148 | D        | Noticed Sigmund
   151 | D        | Killed Sigmund
   151 | D        | Reached ** piety under Trog
   152 | D        | Reached skill level 17 in Stealth
   152 | D        | Reached XP level 5. HP: 24/24 MP: 6/6
   174 | D        | Found a shimmering blue altar of Sif Muna.
   175 | D        | Found an ornate altar of the Wu Jian Council.
   176 | D        | Found a radiant altar of Vehumet.
   181 | D        | Gained mutation: You are covered in thick fur. (AC +2)
                  | [Felid growth]
   181 | D        | Reached XP level 6. HP: 28/28 MP: 7/7
   182 | D        | Found Ytzocyur's Weapon Emporium.
   182 | D        | Found an ancient bone altar of Kikubaaqudgha.
   182 | D        | Found a hazy altar of Hepliaklqana.
   182 | D        | Found a stormy altar of Qazlal.
   182 | D        | Found a hide-covered altar of Uskayaw.
   182 | D        | Found a blossoming altar of Fedhas.
   182 | D        | Found a bloodstained altar of Trog.
   182 | D        | Found an iron altar of Okawaru.
   182 | D        | Found a basalt altar of Yredelemnul.
   182 | D        | Found a glowing golden altar of the Shining One.
   182 | D        | Found a snail-covered altar of Cheibriados.
   182 | D        | Found a sacrificial altar of Ru.
   182 | D        | Found a glowing silver altar of Zin.
   182 | D        | Found a shadowy altar of Dithmenos.
   182 | D        | Found a white marble altar of Elyvilon.
   182 | D        | Noticed a yak
   183 | D        | Found an opulent altar of Gozag.
   184 | D        | Killed a yak
   185 | D        | Reached skill level 5 in Dodging
   185 | D        | Reached skill level 18 in Stealth
   185 | D        | Found a sparkling altar of Nemelex Xobeh.
   225 | D        | Found a burning altar of Makhleb.
   225 | D        | Found a shimmering altar of Xom.
   225 | D        | Noticed a slime creature
   226 | D        | Found a viscous altar of Jiyva.
   226 | D        | Found a corrupted altar of Lugonu.
   228 | D        | Killed a slime creature
   228 | D        | Reached *** piety under Trog
   229 | D        | Reached skill level 5 in Fighting
   229 | D        | Reached skill level 5 in Unarmed Combat
   229 | D        | Reached XP level 7. HP: 33/33 MP: 8/8
   252 | D        | Noticed a centaur warrior
   253 | D        | Noticed a centaur warrior
   254 | D        | Killed a centaur warrior
   255 | D        | Reached skill level 20 in Stealth
   255 | D        | Reached XP level 8. HP: 39/39 MP: 9/9
   255 | D        | Killed a centaur warrior
   256 | D        | Reached skill level 10 in Dodging
   256 | D        | Reached skill level 21 in Stealth
   268 | D        | Noticed a hornet
   271 | D        | Killed a hornet
   272 | D        | Reached XP level 9. HP: 44/44 MP: 10/10
   292 | D        | Noticed an oklob plant
   302 | D        | Killed an oklob plant
   303 | D        | Reached skill level 22 in Stealth
   475 | D        | Reached **** piety under Trog
   507 | D        | Noticed an unseen horror
   507 | D        | Noticed an unseen horror
   513 | D        | Killed an unseen horror
   539 | D        | Killed an unseen horror
   554 | D        | Reached ***** piety under Trog
   661 | D        | Reached skill level 23 in Stealth
   661 | D        | Reached XP level 10. HP: 36/51 MP: 11/11
   664 | D        | Reached ****** piety under Trog
   750 | D        | Found Untouc's Antique Armour Shoppe.
   750 | D        | Found Dauvumo's Magic Scroll Shop.
   750 | D        | Found Yclotum's Jewellery Boutique.
   752 | D        | Found Xiwkah's Book Emporium.
   752 | D        | Found Inligeor's General Store.
   752 | D        | Found Peani's Antique Armour Shoppe.
   752 | D        | Found Eryukoj's Book Boutique.
   752 | D        | Found Taump's Assorted Antiques.
   752 | D        | Found Xuumnel's Book Shop.
   752 | D        | Found Naicyg's Antique Weapon Shoppe.
   756 | D        | Found Viygipheexui's Weapon Boutique.
   757 | D        | Found Cyokim's Jewellery Emporium.
   757 | D        | Found Ureeczui's Armour Boutique.
   758 | D        | Found Noineewn's General Store.
   778 | D        | Bought a ring of protection from fire for 275 gold pieces
   787 | D        | Bought an amulet of reflection for 360 gold pieces
   829 | D        | Noticed a deep troll
   831 | D        | Killed a deep troll
   832 | D        | Reached skill level 10 in Fighting
   832 | D        | Reached skill level 10 in Unarmed Combat
   843 | D        | Found Nosef's Armour Emporium.
   860 | D        | Noticed Sonja
   863 | D        | Killed Sonja
  1089 | D        | Found Veyn's Book Boutique.
  1141 | D        | Noticed a demonic crawler
  1141 | D        | Noticed a demonic crawler
  1141 | D        | Noticed a demonic crawler
  1141 | D        | Noticed a demonic crawler
  1141 | D        | Killed a demonic crawler
  1145 | D        | Killed a demonic crawler
  1146 | D        | Reached skill level 24 in Stealth
  1146 | D        | Killed a demonic crawler
  1148 | D        | Killed a demonic crawler
  1307 | D        | Noticed a lindwurm
  1309 | D        | Killed a lindwurm
  1310 | D        | Reached skill level 15 in Dodging
  1333 | D        | Reached XP level 11. HP: 49/57 MP: 12/12
  1388 | D        | Noticed a 12-headed hydra
  1390 | D        | Killed a 12-headed hydra
  1391 | D        | Reached skill level 25 in Stealth
  1453 | D        | Noticed a shadow dragon
  1454 | D        | Noticed a golden dragon
  1458 | D        | Killed a shadow dragon
  1460 | D        | Killed a golden dragon
  1522 | D        | Found Miolet's Antique Armour Shoppe.
  2002 | D        | Noticed a daeva
  2241 | D        | Killed a daeva
  2400 | D        | Found the +8 mithril axe "Arga" {speed, Will+}
  2435 | D        | Reached skill level 26 in Stealth
  2796 | D        | Noticed a fire giant
  2805 | D        | Noticed a fire giant
  2806 | D        | Killed a fire giant
  2807 | D        | Gained mutation: Your thick and shaggy fur keeps you warm.
                  | (AC +3, rC+) [Felid growth]
  2807 | D        | Reached XP level 12. HP: 64/64 MP: 13/13
  2808 | D        | Noticed a fire giant
  2811 | D        | Killed a fire giant
  2811 | D        | Noticed a fire giant
  2816 | D        | Killed a fire giant
  2818 | D        | Killed a fire giant
  3175 | D        | Paralysed by a floating eye for 4 turns
  3183 | D        | Paralysed by a floating eye for 3 turns
  3192 | D        | Gained mutation: You are vulnerable to heat. (rF-) [a
                  | shining eye]
  3193 | D        | Gained mutation: Your flesh is cold resistant. (rC+) [a
                  | shining eye]
  3202 | D        | Reached skill level 15 in Fighting
  3202 | D        | Reached skill level 27 in Stealth
  3202 | D        | Reached skill level 15 in Unarmed Combat
  3204 | D        | Gained mutation: Your body sometimes deteriorates upon
                  | taking damage. [a shining eye]
  3221 | D        | Found Qowkah's Book Shop.
  3221 | D        | Found Diruschui's Assorted Antiques.
  3221 | D        | Found Issud's Armour Boutique.
  3221 | D        | Found Liwn's Assorted Antiques.
  3236 | D        | Bought a wooden wand for 96 gold pieces
  3236 | D        | Bought a blackened iron wand for 96 gold pieces
  3236 | D        | Bought a scroll labelled TYN ELUGICYH for 24 gold pieces
  3238 | D        | Bought a glowing steel amulet for 125 gold pieces
  3295 | D        | Bought a scroll of identify for 26 gold pieces
  3295 | D        | Bought a scroll of identify for 26 gold pieces
  3295 | D        | Bought a scroll of identify for 26 gold pieces
  3304 | D        | Bought a metallic orange potion for 15 gold pieces
  3322 | D        | Bought the ring of the Hare {EV+10} for 1408 gold pieces
  3322 | D        | Found the ring of the Hare {EV+10}
  3483 | D        | Lost mutation: Your flesh is cold resistant. (rC+) [potion
                  | of mutation]
  3483 | D        | Lost mutation: You are vulnerable to heat. (rF-) [potion of
                  | mutation]
  3483 | D        | Lost mutation: Your body sometimes deteriorates upon taking
                  | damage. [potion of mutation]
  3483 | D        | Gained mutation: Your mind is acute. (Int +4, Str/Dex -1)
                  | [potion of mutation]
  3982 | D        | Noticed a deep elf annihilator
  4030 | D        | Noticed a mummy priest
  4030 | D        | Noticed the 27-headed Lernaean hydra
  4042 | D        | Killed a deep elf annihilator
  4456 | D        | Found the +4 dragonskin cloak
  4456 | D        | Noticed Tiamat
  5153 | D        | Got the Orb of Zot
  5184 | D        | HP: 3/66 [Tiamat/+6 glaive of venom (17)]
  5185 | D        | Slain by Tiamat
  5186 | D        | Reached XP level 11. HP: -4/62 MP: 12/12
  5220 | D        | Noticed a Brimstone Fiend
  5225 | D        | Killed from afar by a Brimstone Fiend
  5226 | D        | Reached XP level 10. HP: -3/58 MP: 11/11
  5450 | D        | Noticed an Orb Guardian
  5458 | D        | Killed an Orb Guardian
  5487 | D        | Reached XP level 11. HP: 62/62 MP: 12/12
  5705 | D        | Noticed a lorocyproca
  5716 | D        | Killed a lorocyproca
  5768 | D        | Noticed a lorocyproca
  5781 | D        | Killed a lorocyproca
  5943 | D        | Noticed an Orb Guardian
  5949 | D        | Mangled by an Orb Guardian

Illustrated notes

Levels and vault maps discovered:
D:        dungeon_sprint_1 [red_sonja_temple_1, red_sonja_temple_small_1]

Skill      XL: |  1  2  3  4  5  6  7  8  9 10 11 12 |
---------------+-------------------------------------+-----
Stealth        | 8 12 17 18 20 21 23 24 26 27 | 27.0
Fighting       | 5 6 7 9 16 14 15 | 16.4
Dodging        | 6 8 10 12 21 18 20 | 21.7
Unarmed Combat | 5 6 7 9 16 14 15 | 16.4

Action                     |  1- 3 |  4- 6 |  7- 9 | 10-12 || total
---------------------------+-------+-------+-------+-------++-------
  Melee: Unarmed           |     4 |     4 |    71 |   176 ||   255
         Bite              |     1 |       |    13 |    27 ||    41
         Punch             |       |       |     2 |    25 ||    27
 Invoke: Berserk           |     1 |       |     3 |     4 ||     8
         Trog's Hand       |       |       |     3 |    10 ||    13
         Brothers in Arms  |       |       |       |    16 ||    16
  Evoke: Wand              |       |       |       |     3 ||     3
    Use: Scroll            |       |       |     1 |     7 ||     8
         Potion            |       |       |     1 |     5 ||     6
   Stab: Sleeping          |     1 |     4 |    11 |    11 ||    27
 Armour: Skin              |       |       |     1 |     2 ||     3
  Dodge: Dodged            |       |       |    62 |   132 ||   194
  Block: Other             |       |       |       |    21 ||    21
         Reflection        |       |       |       |     1 ||     1
